 Dungeon Crawl Stone Soup version 0.26-a0-784-g51bffae0b1 (webtiles) character file.

Game seed: 4640888521375152875

642 Kinoniko the Slasher (level 7, -7/61 HPs)
             Began as a Hill Orc Fighter on Nov 10, 2020.
             Killed by divine providence
             ... invoked by an orc priest
              (14 damage)
             ... on level 4 of the Dungeon.
             The game lasted 00:07:05 (4259 turns).

Kinoniko the Slasher (Hill Orc Fighter)             Turns: 4259, Time: 00:07:05

Health: -7/61      AC: 14    Str: 20    XL:     7   Next: 51%
Magic:  6/6        EV:  4    Int:  8    God:
Gold:   142        SH: 10    Dex: 17    Spells: 6/6 levels left

rFire    . . .     SeeInvis .   a - +2 long sword
rCold    . . .     Faith    .   c - +0 kite shield
rNeg     . . .     Spirit   .   i - +0 plate armour
rPois    +         Reflect  .   (helmet restricted)
rElec    .         Harm     .   (no cloak)
rCorr    .         Rampage  .   r - +0 pair of gloves
MR       .....                  f - +0 pair of boots
Stlth    ..........             (no amulet)
HPRegen  0.20/turn              s - +6 ring of dexterity
MPRegen  0.10/turn              o - ring of stealth

@: brilliant, flying
A: antennae 1, low mp 1, poison resistance, wild magic 1
a: Convert to Beogh


You were on level 4 of the Dungeon.
You visited 1 branch of the dungeon, and saw 4 of its levels.
You also visited: Ossuary.

You collected 142 gold pieces.

Inventory:

Hand Weapons
 a - a +2 long sword (weapon)
Armour
 c - a +0 kite shield (worn)
 f - a +0 pair of boots (worn)
 i - a +0 plate armour (worn)
 r - a +0 pair of gloves (worn)
Jewellery
 o - a ring of stealth (right hand)
 s - a +6 ring of dexterity (left hand)
Wands
 p - a wand of flame (9)
Scrolls
 g - 5 scrolls of remove curse
 j - 4 scrolls of teleportation
 k - 2 scrolls of fog
Potions
 l - a potion of flight
 m - 2 potions of curing
 n - 2 potions of cancellation
 q - a potion of degeneration


   Skills:
 + Level 5.5 Fighting
 * Level 5.9 Long Blades
 + Level 5.0 Armour
 + Level 5.0 Shields


You had 6 spell levels left.
You didn't know any spells.
Your spell library contained the following spells:

 Spells                   Type           Power        Failure   Level
 Beastly Appendage        Tmut           #.....       100%        1
 Corona                   Hex            #......      100%        1
 Slow                     Hex            #.......     100%        2
 Wereblood                Tmut           #.......     100%        2
 Inner Flame              Hex/Fire       #.......     100%        3
 Portal Projectile        Hex/Tloc       #.....       100%        3
 Spider Form              Tmut/Pois      #.........   100%        3
 Cause Fear               Hex            #.........   100%        4
 Ice Form                 Ice/Tmut       #.......     100%        4
 Leda's Liquefaction      Hex/Erth       #.........   100%        4
 Blade Hands              Tmut           #.........   100%        5


Dungeon Overview and Level Annotations

Branches:
Dungeon (4/15)            Ossuary (visited)
 Temple: D:4-7

Altars:
Gozag


Innate Abilities, Weirdness & Mutations

You have a pair of small antennae on your head.
Your magical capacity is low. (-10% MP)
Your system is resistant to poisons. (rPois)
Your spells are a little harder to cast, but a little more powerful.


Message History

Unknown command.
It was a potion of brilliance.
You feel clever all of a sudden.
The orc hits you but does no damage. x2; You block the orc priest's attack.
It was a potion of mutation.
You feel extremely strange.
You feel less in control of your magic.
You feel resistant to poisons.
You feel less energetic. A pair of antennae grows on your head!
The orc completely misses you. The orc hits you but does no damage.
The orc priest casts a cantrip, but nothing happens.
It was a potion of flight.
You feel very buoyant.
You fly up into the air.
The orc hits you but does no damage. x2
The orc priest looks encouraged for a moment.
Unknown command.
Your plate armour prevents you from hitting the orc priest.
The orc priest is almost dead.
The orc hits you but does no damage.
The orc priest calls down the wrath of Beogh upon you.
Beogh smites you!
You die...

.....................>.# ##..≈≈≈
.#.#.####.#####.######.######...≈
..........##...... ...........
.#.#.####.##.......# ########.##
.#.#.# #.##.......# #.##
.#.#.####.#####.############ #...
...........................# ####
.#.#.####.#####..#########.#
.#.#.# #.# #o@# #.#### .....# .#
#oo#########....# ......
...............### ##....
......#########..# ###.##
##.##..# #..# .# #. #..# #..# #
#..# #..# # ...# #..# . #..#


You could see an orc priest and 2 orcs.

Vanquished Creatures
  4 water moccasin zombies (Ossuary)
  4 orc wizards
  2 big kobold zombies (Ossuary)
  3 mummies
  A howler monkey skeleton (D:4)
  4 gnolls (D:3)
  5 adders
  2 adder zombies (Ossuary)
  4 worms
  2 dart slugs
  5 leopard geckos
  19 orcs
  A ball python (D:2)
  A giant cockroach (D:1)
  4 gnoll zombies (Ossuary)
  4 goblins
  10 hobgoblins
  6 kobolds
  A quokka (D:2)
  11 bats
  3 frilled lizards
  5 hobgoblin zombies
  2 kobold zombies (Ossuary)
  7 orc zombies (Ossuary)
  10 rats
120 creatures vanquished.

Notes
Turn   | Place    | Note
-------+----------+-------------------------------------------
     0 | D:1      | Kinoniko the Hill Orc Fighter began the quest for the Orb.
     0 | D:1      | Reached XP level 1. HP: 19/19 MP: 1/1
   211 | D:1      | Reached XP level 2. HP: 27/27 MP: 2/2
   632 | D:2      | Reached XP level 3. HP: 33/33 MP: 3/3
   985 | D:2      | Reached XP level 4. HP: 31/40 MP: 4/4
  1741 | D:3      | Reached XP level 5. HP: 47/47 MP: 5/5
  2268 | D:3      | Reached XP level 6. HP: 17/53 MP: 6/6
  3227 | D:4      | Found a sand-covered staircase.
  3235 | Ossuary  | Entered an ossuary
  3295 | Ossuary  | Reached skill level 5 in Fighting
  3295 | Ossuary  | Reached skill level 5 in Long Blades
  3380 | Ossuary  | Reached XP level 7. HP: 61/61 MP: 7/7
  3682 | Ossuary  | Reached skill level 5 in Armour
  3687 | Ossuary  | Reached skill level 5 in Shields
  4127 | D:4      | Found an opulent altar of Gozag.
  4257 | D:4      | Gained mutation: Your spells are a little harder to cast,
                  | but a little more powerful. [potion of mutation]
  4257 | D:4      | Gained mutation: Your system is resistant to poisons.
                  | (rPois) [potion of mutation]
  4257 | D:4      | Gained mutation: Your magical capacity is low. (-10% MP)
                  | [potion of mutation]
  4257 | D:4      | Gained mutation: You have a pair of small antennae on your
                  | head. [potion of mutation]
  4259 | D:4      | Killed from afar by an orc priest

Illustrated notes

Levels and vault maps discovered:
D:1:      eino_arrival_tree_alley, layout_loops_cross
D:2:      layout_loops_ring, minmay_split_cup_small
D:3:      layout_rooms
D:4:      layout_basic, nicolae_ossuary_entry_giza, serial_bayou_pond_e,
          minmay_misc_feat_enclosed, lemuel_altar_in_water

Skill      XL: |  1  2  3  4  5  6  7 |
---------------+----------------------+-----
Long Blades    | 3 4 5 |  5.9
Fighting       | 4 5 |  5.5
Shields        | 4 5 |  5.0
Armour         | 4 5 |  5.0

Action                   |  1- 3 |  4- 6 |  7- 9 || total
-------------------------+-------+-------+-------++-------
Melee: Long sword        |    81 |   279 |   135 ||   495
  Use: Scroll            |       |    15 |     4 ||    19
       Potion            |       |     4 |     4 ||     8
Armor: Scale mail        |     9 |       |       ||     9
       Plate armour      |    30 |   212 |    88 ||   330
Dodge: Dodged            |    15 |    41 |    16 ||    72
Block: Kite shield       |    42 |   158 |    74 ||   274
       Rpst.: Long sword |     7 |    11 |     5 ||    23

Table legend: (Time is in decaauts)
 A = Elapsed time spent in this place.
 B = Non-inter-level travel time spent in this place.
 C = Inter-level travel time spent in this place.
 D = Time resting spent in this place.
 E = Time spent auto-exploring this place.
 F = Levels seen in this place.
 G = Mean time per level.
                   A        B        C        D        E       F      G
               +--------+--------+--------+--------+--------+-----+--------+
         Total |   4394 |   3956 |    438 |    656 |   2151 |   5 |  878.8 |
       Dungeon |   3812 |   3374 |    438 |    656 |   1762 |   4 |  953.0 |
       Ossuary |    582 |    582 |      0 |      0 |    389 |   1 |  582.0 |
               +--------+--------+--------+--------+--------+-----+--------+

Top non-repeatable levels by time:
     D:2: 1653 daAuts
     D:3: 890 daAuts
     D:4: 684 daAuts
     D:1: 583 daAuts
 Ossuary: 582 daAuts
